 Dungeon Crawl Stone Soup version 0.20.1-1-g8b1a95d (webtiles) character file.

10641 Gargoyl the Protected (level 11, -12/102 HPs)
             Began as a Minotaur Abyssal Knight on July 4, 2017.
             Was a High Priest of Lugonu.
             Mangled by Snorg (23 damage)
             ... on level 10 of the Dungeon.
             The game lasted 00:19:37 (9876 turns).

Gargoyl the Protected (Minotaur Abyssal Knight)     Turns: 9876, Time: 00:19:37

Health: -12/102    AC: 19    Str: 17    XL:     11   Next: 38%
Magic:  15/15      EV:  7    Int: 11    God:    Lugonu [*****.]
Gold:   612        SH:  6    Dex: 11    Spells: 10/10 levels left

rFire    + . .     SeeInvis .   e - +12 mace of Diwnuesi {flame, rF+ rC++}
rCold    + + +     Gourm    .   l - +2 buckler
rNeg     . . .     Faith    .   y - +0 plate armour
rPois    .         Spirit   .   (helmet restricted)
rElec    .         Reflect  .   w - +0 cloak
rCorr    .         Harm     .   (no gloves)
MR       .....                  b - +0 pair of boots
Stlth    ..........             v - amulet of magic regeneration
Regen    0.3/turn               F - ring of protection from cold
MPRegen  0.3/turn               (no ring)

@: no status effects
A: retaliatory headbutt, horns 2, blurry vision 1, clever 1, deterioration 1,
robust 1, screaming 1, weak 1
a: Depart the Abyss, Bend Space, Banish, Corrupt, Enter the Abyss, Renounce
Religion


You were on level 10 of the Dungeon.
You worshipped Lugonu.
Lugonu was extremely pleased with you.
You were not hungry.

You visited 1 branch of the dungeon, and saw 10 of its levels.
You visited the Abyss 1 time.

You collected 612 gold pieces.

Inventory:

Hand Weapons
 a - a +2 hand axe
 e - the +12 mace of Diwnuesi (weapon) {flame, rF+ rC++}
   (You found it on level 2 of the Abyss)

   It has been specially enchanted to burn those struck by it, causing extra
   injury to most foes and up to half again as much damage against particularly
   susceptible opponents.
   It protects you from fire.
   It greatly protects you from cold.
 f - a +3 eveningstar of holy wrath
 G - the +9 war axe of the Beast {protect, -Tele rPois Int+3}
   (You found it on level 8 of the Dungeon)

   It protects the one who uses it against injury (+AC on strike).
   It affects your intelligence (+3).
   It protects you from poison.
   It prevents most forms of teleportation.
Missiles
 u - 9 javelins (quivered)
Armour
 b - a +0 pair of boots (worn)
 l - a +2 buckler (worn)
 w - a +0 cloak (worn)
 y - a +0 plate armour (worn)
Jewellery
 v - an amulet of magic regeneration (around neck)
 F - a ring of protection from cold (left hand)
Wands
 x - a wand of random effects (21/48)
 A - a wand of lightning (9/15)
 B - a wand of polymorph (8/24)
 D - a wand of paralysis (13/24)
Scrolls
 j - 5 scrolls of blinking
 k - 6 scrolls of teleportation
 n - 3 scrolls of fog
 p - a scroll of identify
 t - 4 scrolls of remove curse
 C - a scroll of magic mapping
 I - 3 scrolls of recharging
Potions
 g - 2 potions of lignification
 m - a potion of curing
 o - a potion of berserk rage
 r - a potion of ambrosia
 s - a potion of resistance
 J - 2 potions of agility
 K - a potion of flight {unknown}
Books
 h - a book of Cantrips

   Spells                             Type                      Level
   a - Confusing Touch                Hexes                        1
   b - Animate Skeleton               Necromancy                   1
   c - Summon Small Mammal            Summoning                    1
   d - Apportation                    Translocation                1
Comestibles
 c - 7 bread rations
 i - 3 meat rations
 q - 5 royal jellies
 z - 5 fruits
 E - a chunk of flesh


   Skills:
 + Level 7.7 Fighting
 + Level 2.6(7.8) Axes
 + Level 11.3(11.5) Maces & Flails
 + Level 1.0 Throwing
 * Level 13.0 Armour
 + Level 2.8 Dodging
 + Level 4.3 Shields
 * Level 7.6 Invocations


You had 10 spell levels left.
You didn't know any spells.

Dungeon Overview and Level Annotations

Branches:
Dungeon (10/15)            Temple (0/1) D:7             Orc (0/2) D:9
   Lair: D:8-11

Altars:
Dithmenos
Elyvilon
Kikubaaqudgha
Makhleb
Okawaru
Qazlal
Ru
Trog
Zin
Beogh

Shops:
D:10 }

Annotations:
D:10 Snorg
Abyss:1 Sonja, Urug


Innate Abilities, Weirdness & Mutations

You reflexively headbutt those who attack you in melee.
You have a pair of horns on your head.
Scrolls take you a little longer to read.
Your mind is acute. (Int +2)
Your body sometimes deteriorates upon taking damage.
You are robust. (+10% HP)
You occasionally shout uncontrollably at your foes.
You are weak. (Str -2)


Message History

Snorg claws you but does no damage. Snorg barely misses you.
Snorg claws you but does no damage. Snorg claws you!
* * * LOW HITPOINT WARNING * * *
You sock Snorg! You burn Snorg.
Snorg is severely wounded.
You block Snorg's attack. Snorg claws you.
* * * LOW HITPOINT WARNING * * *
Snorg claws you but does no damage.
You hit Snorg. You burn Snorg. Your headbutt misses Snorg.
Snorg is severely wounded.
You block Snorg's attack. Snorg claws you.
* * * LOW HITPOINT WARNING * * *
Snorg claws you!
* * * LOW HITPOINT WARNING * * *
Okay, then.
Really read with blurry vision while enemies are nearby? [Y]es or [N]o only, please.
Really read with blurry vision while enemies are nearby?
Snorg bites you!!
You die...

#.# #.# #. #.# #.# #.# # #.#
#.# .# #.# #.# ..# #.#
##.###.##...# #.# #......@T..$+
#.# #.....###...# #.########
#.....# ..# #.##...... #....(#
## #.##......
########.....#########.##......
......)......(..)......##......
.#######...((>(................
######..(....................
.......(.........##.###......


You could see Snorg (berserk).

Vanquished Creatures
  Harold (D:9)
  Erolcha (D:9)
  Erica (D:9)
  A two-headed ogre (D:8)
  Pikel (D:8)
  Joseph (D:8)
  2 trolls
  A hippogriff (D:7)
  4 hogs (D:7)
  A human (D:7)
  Grum (D:9)
  A steam dragon (D:8)
  Menkaure (D:5)
  A water moccasin (D:9)
  11 orc warriors
  2 ice beasts
  2 sky beasts
  2 black bears
  6 phantoms
  3 wolves (D:9)
  4 centaurs
  4 ogres
  A big kobold (D:10)
  2 bullfrogs
  A gnoll sergeant (D:4)
  3 scorpions
  3 crimson imps
  2 bullfrog zombies
  3 bullfrog skeletons
  4 hounds
  8 orc wizards
  3 orc priests
  2 centaur skeletons (D:10)
  3 iguanas
  4 worker ants
  3 worker ant zombies
  15 gnolls
  13 adders
  A shadow imp (D:5)
  3 oozes
  2 adder skeletons
  A worm (D:3)
  A dart slug (D:3)
  4 leopard geckos
  43 orcs
  4 giant cockroaches
  8 goblins
  9 hobgoblins
  6 jackals
  A quokka (D:8)
  8 bats
  5 frilled lizards
  A giant cockroach zombie (D:5)
  13 kobolds
  A leopard gecko zombie (D:7)
  A quokka skeleton (D:8)
  5 rats
239 creatures vanquished.

Vanquished Creatures (others)
  A kobold (D:10)
1 creature vanquished.

Grand Total: 240 creatures vanquished

Notes
Turn   | Place    | Note
-------+----------+-------------------------------------------
     0 | Abyss:1  | Gargoyl the Minotaur Abyssal Knight began the quest for the Orb.
     0 | Abyss:1  | Reached XP level 1. HP: 19/19 MP: 1/1
     9 | Abyss:2  | Found a corrupted altar of Lugonu.
    41 | Abyss:2  | Got a translucent mace
    42 | Abyss:2  | Identified the +12 mace of Diwnuesi {flame, rF+ rC++} (You found it on level 2 of the Abyss)
    74 | Abyss:2  | Noticed a starcursed mass
    91 | Abyss:2  | Noticed an orange demon
    95 | Abyss:2  | Noticed a smoke demon
    95 | Abyss:2  | Noticed a tentacled starspawn
    98 | D:1      | Escaped the Abyss
   256 | D:1      | Reached * piety under Lugonu
   340 | D:1      | Reached XP level 2. HP: 26/27 MP: 2/2
  1064 | D:1      | Reached XP level 3. HP: 34/34 MP: 3/3
  1382 | D:2      | Reached skill level 3 in Armour
  1481 | D:1      | Reached skill level 1 in Maces & Flails
  1615 | D:2      | Reached XP level 4. HP: 37/41 MP: 4/4
  1617 | D:2      | Reached skill level 5 in Fighting
  1622 | D:2      | Reached ** piety under Lugonu
  2253 | D:3      | Found a burning altar of Makhleb.
  2255 | D:3      | Reached skill level 4 in Armour
  2255 | D:3      | Reached XP level 5. HP: 48/48 MP: 5/5
  2424 | D:3      | Found a shadowy altar of Dithmenos.
  2988 | D:4      | Noticed a phantom
  2994 | D:4      | Killed a phantom
  2994 | D:4      | Reached skill level 5 in Armour
  2994 | D:4      | Reached XP level 6. HP: 53/56 MP: 6/6
  3003 | D:4      | Found a white marble altar of Elyvilon.
  3080 | D:5      | Entered Level 5 of the Dungeon
  3092 | D:4      | Reached skill level 1 in Shields
  3314 | D:4      | Reached XP level 7. HP: 61/61 MP: 8/8
  3402 | D:5      | Reached *** piety under Lugonu
  3405 | D:5      | Reached skill level 5 in Maces & Flails
  3672 | D:5      | Reached skill level 6 in Armour
  4308 | D:5      | Noticed Menkaure
  4310 | D:5      | Killed Menkaure
  4331 | D:5      | Reached XP level 8. HP: 67/69 MP: 9/9
  4345 | D:5      | Reached skill level 7 in Armour
  4690 | D:6      | Found an iron altar of Okawaru.
  4812 | D:6      | Reached skill level 8 in Armour
  4819 | D:6      | Gained mutation: Your body sometimes deteriorates upon taking damage. [potion of mutation]
  4819 | D:6      | Gained mutation: You are weak. (Str -2) [potion of mutation]
  4819 | D:6      | Gained mutation: Scrolls take you a little longer to read. [potion of mutation]
  4819 | D:6      | Gained mutation: You are robust. (+10% HP) [potion of mutation]
  5101 | D:7      | Found a stormy altar of Qazlal.
  5127 | D:7      | Found a staircase to the Ecumenical Temple.
  5142 | D:7      | Reached **** piety under Lugonu
  5181 | D:7      | Reached skill level 9 in Armour
  5181 | D:7      | Reached XP level 9. HP: 77/82 MP: 11/11
  5330 | D:7      | Reached skill level 5 in Invocations
  5678 | D:7      | Found an ancient bone altar of Kikubaaqudgha.
  5709 | D:7      | Reached skill level 10 in Armour
  5948 | D:8      | Noticed a two-headed ogre
  6207 | D:8      | Killed a two-headed ogre
  6207 | D:8      | Reached skill level 11 in Armour
  6487 | D:8      | Noticed Joseph
  6502 | D:8      | Killed Joseph
  6502 | D:8      | Reached XP level 10. HP: 81/92 MP: 13/13
  6852 | D:8      | Got a brightly glowing war axe
  6853 | D:8      | Identified the +9 war axe of the Beast {protect, -Tele rPois Int+3} (You found it on level 8 of the Dungeon)
  6956 | D:8      | Noticed Pikel
  6967 | D:8      | Killed Pikel
  7302 | D:9      | Noticed Erolcha
  7309 | D:9      | Killed Erolcha
  7309 | D:9      | Reached skill level 12 in Armour
  7341 | D:9      | Gained mutation: You occasionally shout uncontrollably at your foes. [mutagenic meat]
  7342 | D:9      | Gained mutation: Your mind is acute. (Int +2) [mutagenic meat]
  7361 | D:9      | Noticed Erica
  7368 | D:9      | Killed Erica
  7368 | D:9      | Reached skill level 10 in Maces & Flails
  7368 | D:9      | Reached skill level 1 in Throwing
  7618 | D:9      | Reached ***** piety under Lugonu
  7721 | D:9      | Found an iron altar of Okawaru.
  7722 | D:9      | Found a bloodstained altar of Trog.
  7750 | D:9      | Found a staircase to the Orcish Mines.
  7751 | D:9      | Found a roughly hewn altar of Beogh.
  7825 | D:9      | Noticed Grum
  7835 | D:9      | Reached XP level 11. HP: 56/101 MP: 15/15
  7841 | D:9      | Killed Grum
  8081 | D:9      | Found a glowing silver altar of Zin.
  8081 | D:9      | Found a sacrificial altar of Ru.
  8343 | D:10     | Entered Level 10 of the Dungeon
  8396 | D:10     | Noticed Sonja
  8501 | D:10     | Banished Sonja
  8735 | D:10     | Noticed Urug
  8755 | D:10     | Banished Urug
  9135 | D:10     | Found Kirercho's Gadget Shoppe.
  9141 | D:10     | Noticed Harold
  9608 | D:9      | Killed Harold
  9608 | D:9      | Reached skill level 13 in Armour
  9865 | D:10     | Noticed Snorg
  9876 | D:10     | Mangled by Snorg

Skill      XL: |  1  2  3  4  5  6  7  8  9 10 11 |
---------------+----------------------------------+-----
Fighting       | 4 5 6 7 |  7.7
Invocations    | 2 3 4 6 7 |  7.6
Armour         | 3 4 5 6 9 11 12 13 | 13.0
Maces & Flails | 1 2 3 4 6 7 9 10 11 | 11.3
Shields        | 1 2 3 4 |  4.3
Dodging        | 2 |  2.8
Throwing       | 1 |  1.0
Axes           | |  2.6

Action                   |  1- 3 |  4- 6 |  7- 9 | 10-12 || total
-------------------------+-------+-------+-------+-------++-------
Melee: Mace              |    75 |    71 |   174 |   250 ||   570
       Headbutt          |     4 |     5 |    19 |    37 ||    65
Throw: Javelin           |       |       |     4 |     5 ||     9
Invok: Depart the Abyss  |     1 |       |       |       ||     1
       Banish            |       |       |       |     2 ||     2
  Use: Scroll            |     9 |     5 |     5 |     7 ||    26
       Potion            |       |       |     2 |     4 ||     6
  Eat: Chunk             |     2 |     6 |    10 |    13 ||    31
Armor: Scale mail        |    31 |    30 |       |       ||    61
       Plate armour      |       |    19 |   114 |   115 ||   248
Dodge: Dodged            |    44 |    35 |    60 |    67 ||   206
Block: Buckler           |     8 |    18 |    38 |    57 ||   121
